 Dungeon Crawl Stone Soup version 0.29.1-15-g9cfb28693d (webtiles) character file.

Game seed: 6091450059945025377

77 Eitelfritz the Gusty (level 4, 0/24 HPs)
             Began as a Tengu Air Elementalist on Mar 9, 2023.
             Slain by Grinder (2 damage)
             ... on level 3 of the Dungeon.
             The game lasted 00:05:39 (3065 turns).

Eitelfritz the Gusty (Tengu Air Elementalist)       Turns: 3065, Time: 00:05:40

Health: 0/24       AC:  3    Str:  9    XL:     4   Next: 34%
Magic:  9/9        EV: 12    Int: 17    God:
Gold:   122        SH:  0    Dex: 14    Spells: 5/8 levels left

rFire   . . .      SeeInvis .   a - +0 spear
rCold   . . .      Faith    .   (no shield)
rNeg    . . .      Spirit   .   n - +0 robe
rPois   .          Reflect  .   (helmet restricted)
rElec   .          Harm     .   p - +0 cloak
rCorr   .          Rampage  .   (no gloves)
Will    .....                   (boots unavailable)
Stlth   ++........              (no amulet)
HPRegen 0.08/turn               (no ring)
MPRegen 0.11/turn               (no ring)

@: no status effects
A: beak, talons 3
a: no special abilities


You were on level 3 of the Dungeon.
You visited 1 branch of the dungeon, and saw 3 of its levels.

You collected 122 gold pieces.

Inventory:

Hand Weapons
 a - a +0 spear (weapon)
Armour
 n - a +0 robe (worn)
 p - a +0 cloak (worn)
Wands
 r - a wand of quicksilver (11)
Scrolls
 d - a scroll of immolation {unknown}
 e - a scroll of torment {unknown}
 g - 7 scrolls of identify {unknown}
 i - 2 scrolls of teleportation {unknown}
 j - a scroll of poison {unknown}
 l - a scroll of fog {unknown}
 m - a scroll of vulnerability {unknown}
 q - a scroll of fear {unknown}
Potions
 b - 4 potions of magic
 c - a potion of resistance {unknown}
 f - a potion of invisibility {unknown}
 h - 2 potions of lignification {unknown}
 k - a potion of heal wounds {unknown}
 o - a potion of might {unknown}
 s - a potion of attraction {unknown}


   Skills:
 + Level 2.5 Dodging
 + Level 2.4 Stealth
 + Level 2.7 Spellcasting
 + Level 2.4 Conjurations
 + Level 5.1 Air Magic


You had 5 spell levels left.
You knew the following spells:

 Your Spells              Type           Power      Damage    Failure   Level
a - Shock                 Conj/Air       60%        1d6       3%          1
b - Static Discharge      Conj/Air       15%        3-5/arc   6%          2

Your spell library contained the following spells:

 Spells                   Type           Power      Damage    Failure   Level
 Swiftness                Air            19%        N/A       7%          3
 Airstrike                Air            9%         2d(2-18)  22%         4


Dungeon Overview and Level Annotations

Branches:
Dungeon (3/15)

Altars:

Annotations:
D:3 Grinder


Innate Abilities, Weirdness & Mutations

You have a beak for a mouth.
You have claws for feet.


Message History

Confirm with . or Enter, or press ? or * to list all spells.
Aiming: Shock (safe; 3% risk of failure)
Press: ? - help, Shift-Dir - straight line, f - shadow imp
Aim: a shadow imp (asleep, 100% to hit)
The zap hits the shadow imp.
The shadow imp is severely wounded.
The shadow imp shouts!
Casting: Shock (safe; 3% risk of failure)
Confirm with . or Enter, or press ? or * to list all spells.
Aiming: Shock (safe; 3% risk of failure)
Press: ? - help, Shift-Dir - straight line, f/p - shadow imp
Aim: a shadow imp (severely wounded, 68% to hit)
The zap hits the shadow imp.
The shadow imp is severely wounded.
Reach: a) +0 spear
Press: ? - help, Dir - move target, f/p - shadow imp
Aim: a shadow imp (severely wounded, about 43% to evade your +0 spear)
You reach to attack!
You hit the shadow imp.
The shadow imp is almost dead.
You closely miss the shadow imp. You claw the shadow imp.
You kill the shadow imp!
g - 6 scrolls labelled MIUX FOBIO (gained 1)
g - 7 scrolls labelled MIUX FOBIO (gained 1)
You open the large door.
Grinder comes into view.
There is a large open door here.
Grinder shouts!
Grinder gestures at you.
You suddenly lose the ability to move!
Grinder gestures at you. Pain shoots through your body!
Ouch! That really hurt!
Grinder gestures at you.
You shrug off the repeated paralysis!
Grinder blinks!
You can move again.
Grinder hits you!
* * * LOW HITPOINT WARNING * * *
You writhe in agony.
You die...

.##.#####.#...#...####### #.#...
.#........#...+.........# #....#
.#.#.####.#..##.........####.....
.#.#......# ###''......+.......#
.#.#.##...# #.#......#####....
.#.#......#..# #.#......^........
.#.#.#....#..# #.#.#########.....
.#.#.#..#.#..# #.#.# #.##..
##.#......#..###@#.# #. #..
##.####.#.....<#5#.# ##.####
............## #.#.# .......
.#.#####....# #.#.# .......
.#...# #....# #.#.# .......
.###.# #.#### #.#.# ....... .#
#.# #..# #.#.# ##+###† .# #.#
##.######.#.# #..... .# #.#
#.........†##### #.....


You could see Grinder.

Vanquished Creatures
  A shadow imp (D:3)
  3 dart slugs
  An orc (D:2)
  7 ball pythons
  3 bats
  6 endoplasms
  3 giant cockroaches (D:1)
  2 goblins (D:1)
  5 hobgoblins
  12 kobolds
  3 quokkas
  6 frilled lizards
  7 rats
59 creatures vanquished.

Vanquished Creatures (others)
  15 plants (D:1)
15 creatures vanquished.

Grand Total: 74 creatures vanquished

Notes
Turn   | Place    | Note
-------+----------+-------------------------------------------
     0 | D:1      | Eitelfritz the Tengu Air Elementalist began the quest for
                  | the Orb.
     0 | D:1      | Reached XP level 1. HP: 10/10 MP: 4/4
   243 | D:1      | Reached XP level 2. HP: 15/15 MP: 1/6
   714 | D:1      | Reached XP level 3. HP: 19/19 MP: 5/7
  1089 | D:1      | Reached skill level 5 in Air Magic
  1363 | D:1      | Learned a level 2 spell: Static Discharge
  1704 | D:2      | Found a faded altar of an unknown god.
  1918 | D:2      | Reached XP level 4. HP: 24/24 MP: 6/8
  3057 | D:3      | Noticed Grinder
  3059 | D:3      | Paralysed by Grinder for 4 turns
  3065 | D:3      | Slain by Grinder

Illustrated notes

Levels and vault maps discovered:
D:1:      sevenhm_arrival_forest_fort_large_4, layout_basic,
          lexackson_kobold_supper
D:2:      layout_loops_ring, hellmonk_ecumenical_altar_zigzags
D:3:      layout_basic, uniq_grinder

Skill      XL: |  1  2  3 |
---------------+----------+-----
Air Magic      | 5 |  5.1
Conjurations   | 2 |  2.4
Dodging        | |  2.5
Stealth        | |  2.4
Spellcasting   | |  2.7

Action                   |  1- 3 |  4- 6 || total
-------------------------+-------+-------++-------
Melee: Unarmed           |     3 |       ||     3
       Peck              |     1 |     1 ||     2
       Spear             |       |     7 ||     7
       Kick              |       |     1 ||     1
 Cast: Shock             |    86 |    22 ||   108
Armor: Robe              |     3 |     1 ||     4
Dodge: Dodged            |    12 |     6 ||    18
